 Dungeon Crawl Stone Soup version 0.30-a0-738-g116ff8c4af (webtiles) character file.

Game seed: 17313039274569601768

36293 Monkooky the Warmonger (level 14, -16/96 HPs)
             Began as a Djinni Delver on Feb 3, 2023.
             Was a High Priest of Okawaru.
             Demolished by Rupert
             ... wielding a +4 heavy battleaxe
              (37 damage)
             ... on level 4 of the Lair of Beasts.
             The game lasted 00:57:15 (16263 turns).

Monkooky the Warmonger (Djinni Delver)             Turns: 16263, Time: 00:57:16

Health: -16/96     AC: 22    Str: 13    XL:     14   Next: 23%
Gold:   2229       EV: 17    Int: 14    God:    Okawaru [*****.] SH:  6 Dex: 21

rFire   + + +      SeeInvis .    B - +6 demon blade (freeze)
rCold   + . .      Faith    .    F - +0 buckler
rNeg    + + .      Spirit   .    a - +1 scale mail of the Sky {rPois rN++ Int-2 Dex+3 Slay+5}
rPois   ∞          Reflect  .    w - +2 helmet
rElec   .          Harm     .    q - +2 cloak {rF+}
rCorr   .          Rampage  .    I - +1 pair of gloves of Wu Jian, Bespelling {rC+ Will+ Str+2 Slay+3}
Will    +++..                    (boots unavailable)
Stlth   ++++                     v - amulet of regeneration
HPRegen 1.16/turn                D - ring "Coxeu" {Will+ MP+9 Stlth+}
MPRegen 0.00/turn                m - ring of Qerycosch {Drain rPois rF+ rC+ Dex+2}

@: heroic, finesse-ful, flying
A: sickness immunity, fire resistance 2, cold vulnerability 1, float, innate
caster, HP casting, extra vitality 1, iridescent scales 1
a: Renounce Religion, Heroism, Finesse, Duel


You were on level 4 of the Lair of Beasts.
You worshipped Okawaru.
Okawaru was extremely pleased with you.
You visited 2 branches of the dungeon, and saw 15 of its levels.
You also visited: Sewer, Bailey, Gauntlet and Volcano.

You collected 2229 gold pieces.

Inventory:

Hand Weapons
 B - a +6 demon blade of freezing (weapon)
 S - a +3 scimitar of flaming
Missiles
 r - a curare-tipped dart
 K - 35 poisoned darts
Armour
 a - the +1 scale mail of the Sky (worn) {rPois rN++ Int-2 Dex+3 Slay+5}
   (Okawaru gifted it to you on level 2 of the Lair of Beasts)

   Int:       It affects your intelligence (-2).
   Dex:       It affects your dexterity (+3).
   Slay:      It affects your accuracy & damage with ranged weapons and melee
   (+5).
   rPois:     It protects you from poison.
   rN:        It greatly protects you from negative energy.
 q - a +2 cloak of fire resistance (worn)
 w - a +2 helmet (worn)
 F - a +0 buckler (worn)
 I - the +1 pair of gloves of Wu Jian, Bespelling (worn) {rC+ Will+ Str+2 Slay+3}
   (You found it in a Gauntlet)

   Str:       It affects your strength (+2).
   Slay:      It affects your accuracy & damage with ranged weapons and melee
   (+3).
   rC:        It protects you from cold.
   Will:      It increases your willpower.
 X - the +1 buckler of Roiqeel {Fly rElec rC- Int+2}
   (Okawaru gifted it to you in a bailey)

   Int:       It affects your intelligence (+2).
   rC:        It makes you vulnerable to cold.
   rElec:     It insulates you from electricity.
   Fly:       It grants you flight.
Magical Staves
 j - a staff of cold
 Y - a staff of poison
Jewellery
 l - a ring of resist corrosion
 m - the ring of Qerycosch (right hand) {Drain rPois rF+ rC+ Dex+2}
   (You acquired it on level 9 of the Dungeon)

   [ring of protection from fire]

   Dex:       It affects your dexterity (+2).
   rF:        It protects you from fire.
   rC:        It protects you from cold.
   rPois:     It protects you from poison.
   Drain:     It drains your maximum health when unequipped.
 o - a +6 ring of dexterity
 v - an amulet of regeneration (around neck)
 D - the ring "Coxeu" (left hand) {Will+ MP+9 Stlth+}
   (You found it in a Gauntlet)

   [ring of magical power]

   MP:        It affects your magic capacity (+9).
   Will:      It increases your willpower.
   Stlth:     It makes you more stealthy.
 E - a ring of see invisible
 U - a ring of wizardry
Wands
 g - a wand of digging (8)
 i - a wand of acid (7)
 k - a wand of charming (11)
 y - a wand of roots (15)
 C - a wand of flame (35)
 V - a wand of polymorph (9)
Scrolls
 b - 6 scrolls of silence
 c - 3 scrolls of fog
 d - 8 scrolls of magic mapping
 e - 6 scrolls of fear
 s - 3 scrolls of brand weapon
 t - 2 scrolls of immolation
 x - 12 scrolls of teleportation {unknown}
 N - a scroll of enchant armour
 P - a scroll of blinking
 Q - 2 scrolls of vulnerability
Potions
 f - 7 potions of haste
 h - 5 potions of invisibility {unknown}
 p - 13 potions of curing
 u - a potion of ambrosia
 z - 4 potions of resistance
 A - 4 potions of flight {unknown}
 G - 2 potions of lignification {unknown}
 H - 10 potions of might
 J - a potion of magic {unknown}
 L - 6 potions of heal wounds
 M - 5 potions of brilliance
 O - 5 potions of attraction {unknown}
 R - 7 potions of mutation
 T - a potion of berserk rage {unknown}
 W - 2 potions of cancellation {unknown}


   Skills:
 - Level 7.5(12.5) Fighting
 - Level 1.7(11.7) Short Blades
 - Level 10.2(15.3) Long Blades
 - Level 8.0(13.0) Armour
 - Level 9.0(14.0) Dodging
 - Level 4.1(9.1) Stealth
 - Level 6.7 Spellcasting
 + Level 11.6 Invocations
 - Level 7.3 Evocations


You had 8 spell levels left.
You knew the following spells:

 Your Spells              Type           Power      Damage    Failure   Level
a - Sting                 Tmut/Pois      92%        1d7       3%          1
b - Passwall              Tmut/Erth      19%        N/A       5%          2
c - Momentum Strike       Conj/Tloc      46%        3d9       5%          2
d - Airstrike             Air            11%        2d(2-18)  36%         4
e - Anguish               Hex/Necr       11%        N/A       36%         4
f - Iskenderun's Battles  Conj           23%        2d8       71%         5
Your spell library was empty.

Dungeon Overview and Level Annotations

Branches:
Dungeon (11/15)            Temple (0/1) D:7            Lair (4/5) D:11
 Shoals (0/4) Lair:2        Snake (0/4) Lair:3        Slime (0/5) Lair:4
    Orc (0/2) D:11          Sewer (visited)          Bailey (visited)
Volcano (visited)         Gauntlet (visited)

Altars:
Ashenzari
Elyvilon
Fedhas
Gozag
Makhleb
Okawaru
Qazlal
Trog
Uskayaw
Wu Jian
Yredelemnul
Zin
Jiyva

Portals:
Abyss: D:3

Annotations:
D:3 2 transporters, exclusion: downstairs, elongatedgoose's ghost, amateur SpWr
D:7 1 runed translucent door, exclusion: downstairs, arandomgamer's ghost, novice HORe
D:9 Gastronok
D:10 exclusion: downstairs
D:11 3 runed translucent doors, PimpSugar's ghost, journeyman DrHW
Lair:3 3 runed translucent doors, relicbr's ghost, journeyman NaIE
Lair:4 Rupert


Innate Abilities, Weirdness & Mutations

You are immune to sickness and miasma.
You are immune to poison.
Your flesh is very heat resistant. (rF++)
You are vulnerable to cold. (rC-)
You float through the air rather than walking.
You learn spells naturally, not from books.
Your magical power is your life essence.
You have superior vitality. (+4 MHP)
You are partially covered in iridescent scales. (AC +2)


Message History

The black mamba completely misses you.
Aiming: Corrosive Bolt
Press: ? - help, Shift-Dir - straight line, f - black mamba
Aim: a black mamba (57% to hit)
Okay, then.
Unknown command.
Aiming: Corrosive Bolt
Press: ? - help, Shift-Dir - straight line, f - Rupert
Aim: Rupert, wielding a +4 heavy battleaxe and wearing a +0 scale mail (lightly wounded, berserk, 77% to hit)
The bolt of acid hits Rupert!
The acid corrodes Rupert!
Rupert is lightly wounded.
The black mamba closely misses you. Rupert misses you.
You hit Rupert. You freeze Rupert.
Rupert is moderately wounded.
The black mamba misses you.
You slash Rupert! You freeze Rupert.
Rupert is moderately wounded.
You slice Rupert!! You freeze Rupert!
Rupert is heavily wounded.
The black mamba barely misses you.
Rupert hits you with a +4 heavy battleaxe!!
* * * LOW HITPOINT WARNING * * *
Okay, then.
You slash Rupert! You freeze Rupert.
Rupert is heavily wounded.
The black mamba bites you.
* * * LOW HITPOINT WARNING * * *
Press: ? - help, v - describe, . - travel
Here: Rupert, wielding a +4 heavy battleaxe and wearing a +0 scale mail (heavily wounded, berserk, covered in acid)
The floor, spattered with blood.
Aiming: Fastroot
Press: ? - help, Shift-Dir - straight line, f/p - Rupert
Aim: Rupert, wielding a +4 heavy battleaxe and wearing a +0 scale mail (heavily wounded, berserk, covered in acid)
The roots erupt in riotous growth!
Roots grab Rupert.
Roots grab the black mamba.
The grasping roots constrict Rupert!
The grasping roots constrict the black mamba!
The black mamba barely misses you.
Rupert hits you with a +4 heavy battleaxe!!!
You die...

.......[.....#.# #.P#.......>..
............##..P...........#...#
..........####.............######
.........## #).............##
..#P#.....# #...............# ###
##....# #........?......#### #
##...# #...............##.# #
##..)# #.S........##....#. ####
#P...######@@....### #....#.
##.###......##.......... ###....
......................## #.....
.......................#######...
.................###....#.# ##...
...............### .#....###....
............#..# #...........
P#.#.......##### ##.#........
########..## ##.#.......


You could see Rupert (berserk, corroded, rooted) and a black mamba (rooted).

Vanquished Creatures
  A minotaur (Gauntlet)
  A fire dragon (Volcano)
  4 hydras
  A boulder beetle (Lair:2)
  5 two-headed ogres
  Urug (Lair:4)
  A hell hog (Volcano)
  Pikel (D:4)
  An orc knight (Bailey)
  A lindwurm (Lair:1)
  A cyclops (D:11)
  5 black mambas
  A water nymph (shapeshifter) (D:11)
  5 cane toads
  A smoke demon (Gauntlet)
  4 elephants
  A torpor snail (Lair:2)
  A komodo dragon (Lair:2)
  Maggie (D:9)
  3 kobold demonologists
  A rime drake (Lair:3)
  3 trolls
  10 blink frogs
  A spriggan (Lair:1)
  A shadow (D:7)
  30 yaks
  A basilisk (Lair:2)
  A vampire (D:10)
  A wraith (D:11)
  3 fire bats (Volcano)
  3 wyverns
  2 vampire mosquitoes (D:11)
  4 steam dragons
  3 acid dragons
  20 water moccasins
  2 hell hounds (Volcano)
  5 orc warriors
  2 ice beasts
  6 black bears
  A sky beast (D:7)
  11 wolves (Lair:1)
  9 centaurs
  4 lemures
  6 ogres
  A phantom (D:7)
  5 kobold brigands
  14 bullfrogs
  2 scorpions (D:7)
  11 wights
  17 killer bees
  A howler monkey (D:5)
  3 crimson imps (Gauntlet)
  5 jellies
  2 gnoll boudas
  5 orc priests
  4 hounds
  Jessica (D:3)
  5 iguanas
  13 orc wizards
  20 gnolls
  5 river rats
  15 adders
  2 shadow imps
  2 white imps
  3 ufetubi
  3 worms
  3 dart slugs
  51 orcs
  15 ball pythons
  7 bats
  3 endoplasms
  3 giant cockroaches
  16 goblins
  3 hobgoblins (D:4)
  4 quokkas
  5 frilled lizards
  22 kobolds
  30 rats
471 creatures vanquished.

Vanquished Creatures (others)
  29 fungi
  47 plants
76 creatures vanquished.

Grand Total: 547 creatures vanquished

Notes
Turn   | Place    | Note
-------+----------+-------------------------------------------
     0 | D:5      | Monkooky the Djinni Delver began the quest for the Orb.
     0 | D:5      | Reached XP level 1. HP: 20/20 MP: 0/0
    48 | D:4      | Noticed a hound
   243 | D:2      | Reached skill level 1 in Spellcasting
   243 | D:2      | Reached XP level 2. HP: 25/25 MP: 0/0
   379 | D:1      | Reached XP level 3. HP: 30/30 MP: 0/0
   379 | D:1      | Learned a level 1 spell: Sting
  1320 | D:2      | Found an iron altar of Okawaru.
  1326 | D:2      | Became a worshipper of Warmaster Okawaru
  1367 | D:2      | Reached XP level 4. HP: 32/35 MP: 0/0
  1928 | D:2      | Identified the +2 spear of the Peculiar Ears {protect, rF-
                  | rN+ MP+9 Int+3}
  2013 | D:3      | Found an opulent altar of Gozag.
  2055 | D:3      | Found an iron altar of Okawaru.
  2083 | D:3      | Noticed a small abomination
  2097 | D:3      | Found a stormy altar of Qazlal.
  2190 | D:3      | Noticed Jessica
  2197 | D:3      | Killed Jessica
  2198 | D:3      | Reached skill level 1 in Evocations
  2198 | D:3      | Reached XP level 5. HP: 40/40 MP: 0/0
  2198 | D:3      | Learned a level 2 spell: Passwall
  2383 | D:3      | Found a transporter.
  2446 | D:3      | Found a transporter.
  2527 | D:3      | Noticed a kobold brigand
  2542 | D:3      | Noticed elongatedgoose's ghost (amateur SpWr)
  2552 | D:3      | Found a one-way gate to the infinite horrors of the Abyss.
  2884 | D:4      | Noticed an ogre
  2892 | D:4      | Killed an ogre
  2893 | D:4      | Reached XP level 6. HP: 46/46 MP: 0/0
  2893 | D:4      | Noticed a +0 spear
  2893 | D:4      | Noticed a +0 falchion
  2895 | D:4      | Noticed a +0 spear
  2895 | D:4      | Noticed a +0 dagger
  2901 | D:4      | Found a hide-covered altar of Uskayaw.
  2901 | D:4      | Noticed a +0 dagger
  2904 | D:4      | Noticed a +0 short sword
  2918 | D:4      | Noticed a +0 falchion
  2919 | D:4      | Noticed a +0 short sword
  2938 | D:4      | Noticed Pikel
  3260 | D:4      | Noticed an ogre
  3350 | D:4      | Killed an ogre
  3350 | D:4      | Reached * piety under Okawaru
  3742 | D:4      | Killed Pikel
  3742 | D:4      | Reached ** piety under Okawaru
  3743 | D:4      | Reached XP level 7. HP: 19/50 MP: 0/0
  3743 | D:4      | Learned a level 2 spell: Momentum Strike
  3743 | D:4      | Reached XP level 8. HP: 21/56 MP: 0/0
  3888 | D:5      | Reached *** piety under Okawaru
  4008 | D:5      | Found a white marble altar of Elyvilon.
  4502 | D:5      | Reached skill level 5 in Spellcasting
  4741 | D:6      | Reached XP level 9. HP: 57/60 MP: 0/0
  4741 | D:6      | Learned a level 4 spell: Airstrike
  4957 | D:6      | Found a glowing drain.
  4966 | Sewer    | Entered a sewer
  5576 | D:6      | Reached skill level 1 in Long Blades
  5652 | D:6      | Found a burning altar of Makhleb.
  5707 | D:6      | Reached **** piety under Okawaru
  6443 | D:7      | Found a staircase to the Ecumenical Temple.
  6604 | D:7      | Reached skill level 1 in Invocations
  6604 | D:7      | Reached XP level 10. HP: 43/67 MP: 0/0
  6659 | D:7      | Found a runed translucent door.
  6660 | D:7      | Noticed arandomgamer's ghost (novice HORe)
  6674 | D:7      | Reached skill level 2 in Invocations
  6721 | D:7      | Reached skill level 3 in Invocations
  6737 | D:7      | Found a flagged portal.
  6754 | Bailey   | Entered a bailey
  6978 | Bailey   | Noticed an orc knight
  6981 | Bailey   | Killed an orc knight
  6981 | Bailey   | Reached ***** piety under Okawaru
  6981 | Bailey   | Identified the +1 buckler of Roiqeel {Fly rElec rC- Int+2}
                  | (Okawaru gifted it to you in a bailey)
  6981 | Bailey   | Received a gift from Okawaru
  6982 | Bailey   | Reached skill level 5 in Invocations
  7236 | D:7      | Reached skill level 6 in Invocations
  7898 | D:8      | Reached skill level 7 in Invocations
  7986 | D:7      | Reached skill level 8 in Invocations
  8015 | D:8      | Noticed a two-headed ogre
  8134 | D:8      | Killed a two-headed ogre
  8135 | D:8      | Reached skill level 9 in Invocations
  8135 | D:8      | Reached XP level 11. HP: 70/71 MP: 0/0
  8135 | D:8      | Learned a level 4 spell: Anguish
  8500 | D:8      | Found a glowing silver altar of Zin.
  8500 | D:8      | Noticed an angel
  8746 | D:9      | Noticed Gastronok
  8788 | D:9      | Reached skill level 5 in Long Blades
  8842 | D:9      | Noticed Maggie
  8852 | D:9      | Killed Maggie
  9275 | D:9      | Received a gift from Okawaru
  9282 | D:9      | Noticed a sixfirhy
  9316 | D:9      | Identified a scroll of acquirement
  9317 | D:9      | Acquired the ring of Qerycosch {Drain rPois rF+ rC+ Dex+2}
  9618 | D:10     | Entered Level 10 of the Dungeon
 10071 | D:10     | Found a basalt altar of Yredelemnul.
 10082 | D:10     | Found a blossoming altar of Fedhas.
 10082 | D:10     | Found an ornate altar of the Wu Jian Council.
 10123 | D:10     | Found a broken altar of Ashenzari.
 10325 | D:10     | Noticed a two-headed ogre
 10341 | D:10     | Killed a two-headed ogre
 10347 | D:10     | Reached skill level 5 in Fighting
 10375 | D:10     | Noticed a two-headed ogre
 10401 | D:10     | Killed a two-headed ogre
 10576 | D:11     | Reached XP level 12. HP: 56/81 MP: 0/0
 10578 | D:11     | Received a gift from Okawaru
 10594 | Arena    | Entered the Arena
 10706 | D:11     | Found a staircase to the Orcish Mines.
 10740 | D:11     | Found a gate leading to a gauntlet.
 10750 | Gauntlet | Entered a Gauntlet
 10750 | Gauntlet | Found a transporter.
 10750 | Gauntlet | Found a transporter.
 10766 | Gauntlet | Found a transporter.
 10784 | Gauntlet | Found a transporter.
 10784 | Gauntlet | Found a transporter.
 10786 | Gauntlet | Found a transporter.
 10786 | Gauntlet | Found a transporter.
 10787 | Gauntlet | Found a transporter.
 10790 | Gauntlet | Noticed a reaper
 10799 | Gauntlet | Found a transporter.
 10817 | Gauntlet | Found a transporter.
 10819 | Gauntlet | Noticed a balrug
 10827 | Gauntlet | Found a transporter.
 10844 | Gauntlet | Found a transporter.
 10857 | Gauntlet | Noticed a dire elephant
 10862 | Gauntlet | Found a transporter.
 10862 | Gauntlet | Noticed a soul eater
 10871 | Gauntlet | Found a runed translucent door.
 10871 | Gauntlet | Found a runed translucent door.
 10875 | Gauntlet | Found a transporter.
 10935 | Gauntlet | Identified the ring "Coxeu" {Will+ MP+9 Stlth+}
 10963 | Gauntlet | Identified the +1 pair of gloves of Wu Jian, Bespelling
                  | {rC+ Will+ Str+2 Slay+3}
 11176 | Gauntlet | Noticed a minotaur
 11195 | Gauntlet | Killed a minotaur
 11259 | D:11     | Identified the +0 leather armour "Ahuren" {rC- Int+2 Dex+5}
 11331 | D:11     | Found a staircase to the Lair.
 11383 | D:11     | Noticed a two-headed ogre
 11437 | D:11     | Killed a two-headed ogre
 11568 | D:11     | Noticed a two-headed ogre
 11578 | D:11     | Killed a two-headed ogre
 11594 | D:11     | Found a runed translucent gate.
 11595 | D:11     | Found a runed translucent gate.
 11596 | D:11     | Found a runed translucent gate.
 11625 | D:11     | Noticed PimpSugar's ghost (journeyman DrHW)
 11748 | D:11     | Noticed a jorogumo
 11749 | D:11     | Noticed an alligator
 11749 | D:11     | an alligator changed into an eye of devastation
 11757 | D:11     | Reached skill level 10 in Long Blades
 11759 | D:11     | Noticed a boulder beetle
 11764 | D:11     | Noticed a tengu warrior
 11797 | Lair:1   | Entered Level 1 of the Lair of Beasts
 12037 | Lair:1   | Gained mutation: You are partially covered in iridescent
                  | scales. (AC +2) [potion of mutation]
 12144 | Lair:1   | Found a dark tunnel.
 12152 | Volcano  | Entered a volcano
 12197 | Volcano  | Noticed a hell hog
 12209 | Volcano  | Killed a hell hog
 12210 | Volcano  | Reached skill level 5 in Dodging
 12261 | Volcano  | Reached XP level 13. HP: 72/90 MP: 0/0
 12261 | Volcano  | Learned a level 5 spell: Iskenderun's Battlesphere
 12278 | Volcano  | Noticed a fire dragon
 12294 | Volcano  | Killed a fire dragon
 12572 | Lair:1   | Received a gift from Okawaru
 13001 | Lair:1   | Noticed a six-headed hydra
 13013 | Lair:1   | Killed a one-headed hydra
 13114 | Lair:2   | Found a bloodstained altar of Trog.
 13161 | Lair:2   | Found a staircase to the Shoals.
 13273 | Lair:2   | Reached skill level 1 in Armour
 13582 | Lair:2   | Noticed a four-headed hydra
 13594 | Lair:2   | Killed a one-headed hydra
 13660 | Lair:2   | Identified the +1 scale mail of the Sky {rPois rN++ Int-2
                  | Dex+3 Slay+5} (Okawaru gifted it to you on level 2 of the
                  | Lair of Beasts)
 13660 | Lair:2   | Received a gift from Okawaru
 13661 | Lair:2   | Reached skill level 5 in Armour
 13727 | Lair:2   | Noticed a five-headed hydra
 13739 | Lair:2   | Killed a two-headed hydra
 14555 | Lair:3   | Found a runed translucent gate.
 14558 | Lair:3   | Acquired 976 gold pieces
 14576 | Lair:3   | Found a staircase to the Snake Pit.
 14616 | Lair:3   | Reached ****** piety under Okawaru
 14617 | Lair:3   | Reached skill level 10 in Invocations
 14697 | Lair:3   | Reached XP level 14. HP: 96/96 MP: 0/0
 14897 | Lair:3   | Found a runed translucent gate.
 14897 | Lair:3   | Found a runed translucent gate.
 14897 | Lair:3   | Noticed relicbr's ghost (journeyman NaIE)
 15442 | Lair:4   | Reached skill level 11 in Invocations
 15570 | Lair:4   | Found a viscous altar of Jiyva.
 15571 | Lair:4   | Found a staircase to the Slime Pits.
 15683 | Lair:4   | Noticed Rupert
 15871 | Lair:4   | Received a gift from Okawaru
 15979 | Lair:4   | Noticed Urug
 15996 | Lair:4   | Killed Urug
 16263 | Lair:4   | Demolished by Rupert

Illustrated notes

Levels and vault maps discovered:
D:1:      ebering_trefoil_twist, layout_loops_corners
D:2:      layout_loops_ring, serial_bayou, serial_bayou_crossing,
          serial_bayou_shore_a, serial_bayou_pond_b, serial_bayou_pond_c,
          serial_bayou_lake_a, basic_altar, minmay_tetromino_t2
D:3:      layout_basic, amcnicky_altar_gilded,
          mainiacjoe_overflow_concentric_impassable, grunt_gozag_breadcrumbs,
          gammafunk_ghost_abyssal_escape, uniq_jessica
D:4:      layout_loops_ring, nicolae_uskayaw_en_pointe, minmay_hedge_maze,
          amcnicky_mini_corridor_feature, minmay_ogre_servants, uniq_pikel
D:5:      layout_loops_ring, elyvilon_altar_5
D:6:      minmay_evil_eye, layout_basic, bloody_makhleb, gup_sewer_entry_bubbles
D:7:      minmay_recursive_quarters, layout_basic,
          minmay_temple_entry_overgrown, enter_bailey_3,
          ebering_ghost_inner_flame
D:8:      layout_cave_pools, zin_angel
D:9:      layout_basic, nzn_hepliaklqana_mist_gate, uniq_maggie, uniq_gastronok
D:10:     layout_loops_ring, minmay_overflow_temple_star_hex,
          eino_small_chamber_without_monster, minmay_increasing_density
D:11:     layout_long_grid, due_lair_maze_entry_diamond, gauntlet_entry_generic,
          ebering_ghost_rock_garden, st_stairs_10, minmay_three_doors
Lair:1:   layout_long_grid, lightli_volcano_entry_magma_tube,
          grunt_forest_large_clearing_hut
Lair:2:   nzn_winding_woodlands_three_and_one
          [nzn_winding_woodlands_5x15_pathside_ponds,
          nzn_winding_woodlands_5x15_default,
          nzn_winding_woodlands_5x15_split_checker,
          nzn_winding_woodlands_center_garden], layout_cave_pods,
          minmay_shoals_entry_centaurs, basic_altar
Lair:3:   layout_layer_cave, minmay_snake_entry_six_corridors,
          gammafunk_ghost_necromancy, chequers_serial_rivers_marsh
Lair:4:   layout_layer_cave, dpeg_slime_entry_corner,
          infiniplex_staircase_pool_2, lemuel_fruit_fields, uniq_rupert,
          uniq_urug

Skill      XL: |  1  2  3  4  5  6  7  8  9 10 11 12 13 14 |
---------------+-------------------------------------------+-----
Spellcasting   | 1 2 5 6 |  6.7
Evocations     | 1 3 7 |  7.3
Long Blades    | 4 8 10 | 10.2
Invocations    | 1 9 10 11 | 11.6
Fighting       | 5 7 |  7.5
Dodging        | 5 9 |  9.0
Armour         | 8 |  8.0
Short Blades   | |  1.7
Stealth        | |  4.1

Action                     |  1- 3 |  4- 6 |  7- 9 | 10-12 | 13-15 || total
---------------------------+-------+-------+-------+-------+-------++-------
  Melee: Dagger            |    56 |    65 |   196 |       |       ||   317
         Punch             |       |     2 |     2 |     1 |       ||     5
         Long sword        |       |       |    37 |       |       ||    37
         Scimitar          |       |       |    36 |   563 |   379 ||   978
         Demon blade       |       |       |       |       |    13 ||    13
  Throw: Dart              |       |       |       |     9 |     5 ||    14
   Cast: Sting             |    27 |   113 |   112 |    30 |     2 ||   284
         Passwall          |       |     4 |     2 |       |       ||     6
         Momentum Strike   |       |       |    22 |    15 |       ||    37
         Airstrike         |       |       |       |     2 |       ||     2
         Anguish           |       |       |       |     1 |       ||     1
 Invoke: Heroism           |       |       |       |     6 |     2 ||     8
         Finesse           |       |       |       |     2 |     1 ||     3
         Duel              |       |       |       |     1 |       ||     1
  Evoke: Wand              |       |     3 |    10 |     9 |     2 ||    24
    Use: Scroll            |       |       |    12 |    12 |     4 ||    28
         Potion            |       |       |       |     3 |       ||     3
   Stab: Sleeping          |     2 |       |     6 |    11 |     1 ||    20
         Distracted        |       |       |       |     1 |       ||     1
 Armour: Ring mail         |    23 |    27 |   156 |   318 |    60 ||   584
         Leather armour    |     3 |       |       |       |       ||     3
         Scale mail        |       |       |       |       |    83 ||    83
  Dodge: Dodged            |    34 |    65 |   198 |   369 |   294 ||   960
  Block: Buckler           |       |       |       |   151 |   112 ||   263

Table legend: (Time is in decaauts)
 A = Elapsed time spent in this place.
 B = Non-inter-level travel time spent in this place.
 C = Inter-level travel time spent in this place.
 D = Time resting spent in this place.
 E = Time spent auto-exploring this place.
 F = Levels seen in this place.
 G = Mean time per level.
                   A        B        C        D        E       F      G
               +--------+--------+--------+--------+--------+-----+--------+
         Total |  16222 |  15741 |    481 |    638 |  10400 |  20 |  811.1 |
       Dungeon |  10612 |  10173 |    439 |    458 |   6967 |  11 |  964.7 |
          Lair |   4103 |   4062 |     41 |     47 |   2993 |   4 | 1025.8 |
         Sewer |    310 |    310 |      0 |      0 |    149 |   1 |  310.0 |
        Bailey |    387 |    387 |      0 |     28 |     83 |   1 |  387.0 |
       Volcano |    321 |    321 |      0 |     41 |     79 |   1 |  321.0 |
      Gauntlet |    465 |    465 |      0 |     50 |    129 |   1 |  465.0 |
         Arena |     23 |     23 |      0 |     14 |      0 |   1 |   23.0 |
               +--------+--------+--------+--------+--------+-----+--------+

Top non-repeatable levels by time:
     D:6: 1470 daAuts
     D:7: 1393 daAuts
  Lair:2: 1241 daAuts
     D:4: 1131 daAuts
  Lair:3: 1048 daAuts
    D:10: 1017 daAuts
  Lair:1: 990 daAuts
     D:1: 950 daAuts
     D:3: 906 daAuts
     D:9: 886 daAuts
     D:5: 826 daAuts
  Lair:4: 822 daAuts
     D:2: 815 daAuts
    D:11: 649 daAuts
     D:8: 563 daAuts
